AoeStats
← BananaBirb

Black Forest

507069239Analyzed
2v2 RM · 14d ago on Sep 16, 2026· 62m 32s· 4 players
Game mode
Random Map
Map size
Medium (4 player)
Population
200
Speed
Normal
Resources
Standard
Victory
Conquest
Starting age
Dark Age
Ending age
Imperial Age
RankedLock teamsTeams togetherTeam positionsShared explorationLock speedFull tech treeHidden civsTurbo modeCheats
Victory
Defeat
🇷🇴 Portuguese · Romania
772
+21
🇩🇪 Goths · Germany
662
+20
🇩🇪 Magyars · Germany
760
-18
🇩🇪 Bohemians · Germany
745
-17
KerryGold6761
12:09 Feudal Age
10:27 Loom
13:13 Double-Bit Axe
17:50 Horse Collar
21:31 Castle Age
21:49 Wheelbarrow
24:17 Bow Saw
24:37 Hand Cart
24:25 Fletching
24:26 Crossbowman
29:53 Chemistry
31:33 Heavy Plow
31:42 Light Cavalry
34:57 Ballistics
35:48 Bodkin Arrow
36:05 Forging
36:39 Sanctity
41:24 Imperial Age
41:11 Scale Barding Armor
43:55 Onager
47:59 Elite Hussite Wagon
56:49 Bracer
56:50 Padded Archer Armor
57:42 Iron Casting
57:28 Chain Barding Armor
58:38 Wagenburg Tactics
59:47 Cavalier
62:00 Two-Man Saw
62:52 Blast Furnace
BananaBirb
2:23 Loom
12:08 Feudal Age
12:34 Double-Bit Axe
12:33 Horse Collar
13:39 Wheelbarrow
17:22 Scale Barding Armor
18:10 Scale Mail Armor
18:53 Gold Mining
21:35 Castle Age
21:45 Bloodlines
21:57 Gold Mining
21:58 Stone Mining
21:58 Light Cavalry
23:15 Bow Saw
24:20 Husbandry
30:14 Heavy Plow
30:33 Hand Cart
33:07 Chain Barding Armor
32:12 Pikeman
37:06 Gold Shaft Mining
36:27 Town Watch
36:22 Elite Skirmisher
38:08 Chain Mail Armor
37:54 Padded Archer Armor
37:44 Fletching
42:46 Imperial Age
40:19 Town Patrol
42:41 Ballistics
42:16 Murder Holes
42:51 Bodkin Arrow
43:11 Leather Archer Armor
43:02 Capped Ram
44:21 Parthian Tactics
44:41 Caravan
44:39 Halberdier
46:08 Ring Archer Armor
46:30 Hussar
46:47 Heavy Cavalry Archer
48:27 Elite Magyar Huszar
50:38 Chemistry
50:59 Cavalier
54:15 Paladin
55:41 Bracer
56:17 Plate Barding Armor
58:21 Two-Man Saw
Scottish
5:31 Loom
13:12 Feudal Age
14:30 Wheelbarrow
13:43 Double-Bit Axe
14:15 Horse Collar
18:26 Castle Age
16:51 Gold Mining
18:04 Padded Archer Armor
20:12 Bow Saw
22:50 Town Watch
23:00 Stone Mining
24:31 Hand Cart
25:34 Padded Archer Armor
26:42 Leather Archer Armor
26:22 Elite Skirmisher
26:59 Fletching
28:58 Caravan
29:58 Scale Mail Armor
29:41 Pikeman
32:15 Chain Mail Armor
35:52 Imperial Age
35:20 Thumb Ring
35:35 Masonry
36:32 Caravan
37:39 Forging
37:30 Bodkin Arrow
38:39 Horse Collar
40:25 Ballistics
40:40 Architecture
42:24 Two-Man Saw
42:51 Ring Archer Armor
43:45 Chemistry
42:45 Murder Holes
42:57 Heavy Plow
43:21 Siege Engineers
43:47 Conscription
44:26 Stone Shaft Mining
44:12 Treadmill Crane
44:46 Fortified Wall
45:59 Halberdier
47:14 Plate Mail Armor
47:43 Town Patrol
49:09 Iron Casting
48:36 Bracer
52:56 Elite Organ Gun
58:05 Blast Furnace
58:06 Arquebus
61:19 Bombard Tower
62:11 Guilds
62:48 Guard Tower
Flowrider
11:19 Feudal Age
12:14 Double-Bit Axe
12:11 Horse Collar
12:41 Gold Mining
20:28 Castle Age
22:16 Bow Saw
22:08 Heavy Plow
22:03 Stone Mining
22:59 Forging
22:49 Scale Mail Armor
22:56 Scale Barding Armor
22:42 Fletching
22:52 Padded Archer Armor
26:43 Wheelbarrow
26:16 Bodkin Arrow
26:36 Leather Archer Armor
26:58 Iron Casting
26:38 Chain Mail Armor
26:56 Squires
26:17 Pikeman
32:00 Chain Mail Armor
34:05 Hand Cart
35:49 Stone Shaft Mining
37:49 Imperial Age
36:43 Ballistics
37:09 Anarchy
38:48 Elite Huskarl
42:15 Chemistry
42:17 Blast Furnace
41:18 Bracer
41:48 Ring Archer Armor
43:42 Halberdier
46:50 Two-Man Saw
Connection lost

Rejoining the realm…

Still unreachable

The connection could not be restored.

Session expired

The server has moved on; the page needs a fresh start.